| TOP OF THE 1ST |
|
Boise Hawks batting - Pitching for Eugene Emeralds : RHP Dwight Bean
|
|
Pitching: RHP Dwight Bean
|
|
|
Batting: LHB Eddie Gonzalez
|
0-0: Ball 1-0: Foul Ball, location: 2F 1-1: Ball 2-1: Swinging Strike 2-2: SINGLE (Groundball, 34, EV 100.0 MPH)
|
|
Batting: LHB Iehohs Inatho
|
Pickoff Throw to First - Out! 1-3 0-0: SINGLE (Line Drive, 5D, EV 103.1 MPH)
|
|
Batting: LHB Jeremy Brammer
|
0-0: Ball 1-0: Ball 2-0: SINGLE (Groundball, 6D, EV 104.4 MPH) Iehohs Inatho to second
|
|
Batting: RHB Tyler Stebbins
|
0-0: Swinging Strike 0-1: Swinging Strike 0-2: Ball 1-2: Strikes out looking
|
|
Batting: SHB Morgan Batson
|
0-0: Ball 1-0: Ball 2-0: 3-RUN HOME RUN (Flyball, 89XD, EV 98.1 MPH), Distance : 408 ft
|
|
Batting: RHB Josh Martin
|
0-0: Called Strike 0-1: Ground out 5-3 (Groundball, 56, EV 85.0 MPH)
|
| Top of the 1st over - 3 runs, 4 hits, 0 errors, 0 left on base; Boise 3 - Eugene 0 |
| BOTTOM OF THE 1ST |
|
Eugene Emeralds batting - Pitching for Boise Hawks : RHP Tsuneyoshi Kubo
|
|
Pitching: RHP Tsuneyoshi Kubo
|
|
|
Batting: RHB Du Kim
|
0-0: DOUBLE (Flyball, 8LD, EV 88.1 MPH)
|
|
Batting: RHB Bill Holmes
|
0-0: Ball 1-0: SINGLE (Flyball, 4D, EV 86.9 MPH) Du Kim to third
|
|
Batting: RHB Taylor Garofalo
|
0-0: Called Strike 0-1: Ball 1-1: Ball 2-1: Hit by Pitch Bill Holmes to second
|
|
Batting: RHB Ryan Bush
|
0-0: Foul Ball, location: 2F 0-1: Foul Ball, location: 2F 0-2: Ball 1-2: Foul Ball, location: 2F 1-2: Ball 2-2: Fly out, F9 (Flyball, 9LD, EV 93.8 MPH)
|
|
Batting: RHB Tim Long
|
0-0: Called Strike 0-1: Fielders Choice at 2nd, 5-4 (Groundball, 56, EV 82.5 MPH) Du Kim scores Bill Holmes to third
|
|
Batting: RHB Jerry Blas
|
0-0: Foul Ball, location: 2F 0-1: Called Strike 0-2: Strikes out swinging
|
| Bottom of the 1st over - 1 run, 2 hits, 0 errors, 2 left on base; Boise 3 - Eugene 1 |
| TOP OF THE 2ND |
|
Boise Hawks batting - Pitching for Eugene Emeralds : RHP Dwight Bean
|
|
Batting: RHB Yamashita Yagi
|
0-0: Called Strike 0-1: Called Strike 0-2: SOLO HOME RUN (Line Drive, 7D, EV 98.8 MPH), Distance : 376 ft
|
|
Batting: SHB Jamie Locke
|
0-0: Ball 1-0: Ground out 6-3 (Groundball, 6M, EV 86.2 MPH)
|
|
Batting: RHB Haykuhi Kagramanian
|
0-0: Called Strike 0-1: Ball 1-1: Ball 2-1: Ball 3-1: SINGLE (Groundball, 34D, EV 96.2 MPH)
|
|
Pitching: RHP Dustin Buckner
|
|
|
Batting: LHB Eddie Gonzalez
|
0-0: Ball 1-0: DOUBLE (Line Drive, 8LD, EV 100.0 MPH) Haykuhi Kagramanian to third
|
|
Batting: LHB Iehohs Inatho
|
0-0: Ball 1-0: Ball 2-0: Called Strike 2-1: TRIPLE (Line Drive, 8RXD, EV 108.1 MPH) Haykuhi Kagramanian scores Eddie Gonzalez scores
|
|
Batting: LHB Jeremy Brammer
|
0-0: Ball 1-0: Called Strike 1-1: Ball 2-1: Foul Ball, location: 2F 2-2: Ball 3-2: SINGLE (Groundball, 4D, EV 94.4 MPH) Iehohs Inatho scores
|
|
Batting: RHB Tyler Stebbins
|
0-0: Ball Jeremy Brammer is caught stealing 2nd base 2-4 1-0: Swinging Strike 1-1: Foul Ball, location: 2F 1-2: SOLO HOME RUN (Line Drive, 8RXD, EV 116.2 MPH), Distance : 439 ft
|
|
Batting: SHB Morgan Batson
|
0-0: Called Strike 0-1: Called Strike 0-2: Strikes out swinging
|
| Top of the 2nd over - 5 runs, 6 hits, 0 errors, 0 left on base; Boise 8 - Eugene 1 |
| BOTTOM OF THE 2ND |
|
Eugene Emeralds batting - Pitching for Boise Hawks : RHP Tsuneyoshi Kubo
|
|
Batting: RHB Josh Asch
|
0-0: Foul Ball, location: 2F 0-1: Ball 1-1: Ball 2-1: SOLO HOME RUN (Flyball, 78XD, EV 96.2 MPH), Distance : 386 ft
|
|
Batting: RHB Hugo Torrez
|
0-0: Ball 1-0: Foul Ball, location: 2F 1-1: Ball 2-1: Ball 3-1: Called Strike 3-2: Foul Ball, location: 2F 3-2: Base on Balls
|
|
Batting: RHB Alvaro Romero
|
0-0: Ball Hugo Torrez steals 2nd base 1-0: Called Strike 1-1: Foul Ball, location: 2F 1-2: Ball 2-2: Ground out 4-3 (Groundball, 4, EV 79.4 MPH) Hugo Torrez to third
|
|
Batting: RHB Du Kim
|
0-0: Ball 1-0: Ball 2-0: Ball 3-0: Called Strike 3-1: SINGLE (Groundball, 56D, EV 96.9 MPH) Hugo Torrez scores
|
|
Batting: RHB Bill Holmes
|
0-0: Called Strike Du Kim steals 2nd base 0-1: Ball 1-1: Called Strike 1-2: Strikes out looking
|
|
Batting: RHB Taylor Garofalo
|
0-0: Foul Ball, location: 2F 0-1: Ball 1-1: Swinging Strike 1-2: Ball 2-2: Foul Ball, location: 2F 2-2: SINGLE (Groundball, 34D, EV 107.5 MPH) Du Kim to third Runner from 3rd tries for Home, SAFE, throw by RF to home
|
|
Batting: RHB Ryan Bush
|
0-0: Ball 1-0: Fielders Choice at 2nd, 5-4 (Groundball, 56, EV 107.5 MPH)
|
| Bottom of the 2nd over - 3 runs, 3 hits, 0 errors, 1 left on base; Boise 8 - Eugene 4 |
| TOP OF THE 3RD |
|
Boise Hawks batting - Pitching for Eugene Emeralds : RHP Dustin Buckner
|
|
Pitching: RHP Angel Pesina
|
|
|
Now in CF: Roy Battist
|
|
|
Batting: RHB Josh Martin
|
0-0: Ball 1-0: Ball 2-0: Swinging Strike 2-1: Ground out U3 (Groundball, 3, EV 103.1 MPH)
|
|
Batting: RHB Yamashita Yagi
|
0-0: Ball 1-0: Swinging Strike 1-1: Fly out, F6 (Popup, 6, EV 70.6 MPH)
|
|
Batting: SHB Jamie Locke
|
0-0: Ball 1-0: Ball 2-0: SINGLE (Groundball, 56D, EV 108.1 MPH)
|
|
Batting: RHB Haykuhi Kagramanian
|
0-0: Ball Jamie Locke steals 2nd base 1-0: Called Strike 1-1: SINGLE (Groundball, 56D, EV 97.5 MPH) Jamie Locke to third Runner from 3rd tries for Home, SAFE, throw by LF to home
|
|
Batting: LHB Eddie Gonzalez
|
0-0: Ball 1-0: Called Strike 1-1: Ball 2-1: Ball 3-1: Called Strike 3-2: Foul Ball, location: 2F 3-2: Base on Balls Haykuhi Kagramanian to second
|
|
Pitching: RHP Carlos Zavala
|
|
|
Batting: LHB Iehohs Inatho
|
0-0: Ball 1-0: Ball 2-0: Ball 3-0: Called Strike 3-1: Swinging Strike 3-2: Ground out 4-3 (Groundball, 4, EV 83.1 MPH)
|
| Top of the 3rd over - 1 run, 2 hits, 0 errors, 2 left on base; Boise 9 - Eugene 4 |
| BOTTOM OF THE 3RD |
|
Eugene Emeralds batting - Pitching for Boise Hawks : RHP Tsuneyoshi Kubo
|
|
Batting: RHB Tim Long
|
0-0: Ball 1-0: Called Strike 1-1: Ball 2-1: Foul Ball, location: 2F 2-2: Ball 3-2: Foul Ball, location: 2F 3-2: Foul Ball, location: 2F 3-2: Foul Ball, location: 2F 3-2: Strikes out looking
|
|
Batting: RHB Jerry Blas
|
0-0: Ball 1-0: Ball 2-0: Called Strike 2-1: SINGLE (Groundball, 6MD, EV 99.4 MPH)
|
|
Batting: RHB Josh Asch
|
0-0: Ball 1-0: Ball 2-0: Foul Ball, location: 2F 2-1: SINGLE (Groundball, 4M, EV 98.1 MPH) (infield hit) Jerry Blas to second
|
|
Batting: RHB Hugo Torrez
|
0-0: Ball 1-0: Called Strike 1-1: Foul Ball, location: 2F 1-2: Ball 2-2: Ball Balk! Jerry Blas to third Josh Asch to second 3-2: Foul Ball, location: 2F 3-2: Base on Balls
|
|
Pitching: RHP Jim Crooks
|
|
|
Batting: RHB Alvaro Romero
|
0-0: Fielders Choice at 2nd, 3-6 (Groundball, 34S, EV 90.6 MPH) Jerry Blas scores Josh Asch to third
|
|
Batting: RHB Roy Battist
|
0-0: TRIPLE (Line Drive, 8RXD, EV 107.5 MPH) Josh Asch scores Alvaro Romero scores
|
|
Batting: RHB Bill Holmes
|
0-0: Ball 1-0: Foul Ball, location: 2F 1-1: Ball 2-1: Ground out 4-3 (Groundball, 4MS, EV 87.5 MPH)
|
| Bottom of the 3rd over - 3 runs, 3 hits, 0 errors, 1 left on base; Boise 9 - Eugene 7 |
| TOP OF THE 4TH |
|
Boise Hawks batting - Pitching for Eugene Emeralds : RHP Carlos Zavala
|
|
Batting: LHB Jeremy Brammer
|
0-0: Foul Ball, location: 2F 0-1: SINGLE (Groundball, 34S, EV 65.6 MPH) (infield hit)
|
|
Batting: RHB Tyler Stebbins
|
0-0: Ball 1-0: Ball 2-0: Ball 3-0: Base on Balls Jeremy Brammer to second
|
|
Batting: SHB Morgan Batson
|
0-0: Ball 1-0: Ball 2-0: Fly out, F7 (Flyball, 7D, EV 86.9 MPH)
|
|
Batting: RHB Josh Martin
|
0-0: Ball 1-0: SINGLE (Groundball, 56, EV 94.4 MPH) Jeremy Brammer to third Tyler Stebbins to second
|
|
Batting: RHB Yamashita Yagi
|
0-0: Ball 1-0: Ball 2-0: Ball 3-0: Base on Balls Jeremy Brammer scores Tyler Stebbins to third Josh Martin to second
|
|
Pitching: LHP Eddie Panagos
|
|
|
Batting: SHB Jamie Locke
|
0-0: Called Strike 0-1: Ball 1-1: Ball 2-1: Ball 3-1: Base on Balls Tyler Stebbins scores Josh Martin to third Yamashita Yagi to second
|
|
Batting: RHB Haykuhi Kagramanian
|
0-0: Called Strike 0-1: Ball 1-1: Ball 2-1: Ball 3-1: Base on Balls Josh Martin scores Yamashita Yagi to third Jamie Locke to second
|
|
Batting: LHB Eddie Gonzalez
|
0-0: Ball 1-0: Grounds into fielders choice 1-2 (Groundball, 34S, EV 65.0 MPH) Jamie Locke to third Haykuhi Kagramanian to second
|
|
Batting: LHB Iehohs Inatho
|
0-0: DOUBLE (Line Drive, 89D, EV 97.5 MPH) Jamie Locke scores Haykuhi Kagramanian scores Eddie Gonzalez to third Runner from 3rd tries for Home, SAFE, throw by CF to home
|
|
Batting: LHB Jeremy Brammer
|
0-0: Ball 1-0: Called Strike 1-1: Foul Ball, location: 2F 1-2: Foul Ball, location: 2F 1-2: Foul Ball, location: 2F 1-2: Ball 2-2: Ball 3-2: Foul Ball, location: 2F 3-2: Base on Balls
|
|
Batting: RHB Tyler Stebbins
|
0-0: Called Strike 0-1: Swinging Strike 0-2: Fly out, F5 (Popup, 5F, EV 76.2 MPH)
|
| Top of the 4th over - 6 runs, 3 hits, 0 errors, 2 left on base; Boise 15 - Eugene 7 |
| BOTTOM OF THE 4TH |
|
Eugene Emeralds batting - Pitching for Boise Hawks : RHP Jim Crooks
|
|
Batting: RHB Taylor Garofalo
|
0-0: Foul Ball, location: 2F 0-1: Called Strike 0-2: Ball 1-2: Ball 2-2: SINGLE (Groundball, 56D, EV 100.6 MPH)
|
|
Batting: RHB Ryan Bush
|
0-0: Swinging Strike 0-1: Foul Ball, location: 2F 0-2: Ball 1-2: Foul Ball, location: 2F 1-2: Fielders Choice at 2nd, 5-4 (Groundball, 56, EV 105.6 MPH)
|
|
Batting: RHB Tim Long
|
0-0: Ball 1-0: Ball 2-0: Fly out, F7 (Flyball, 7LM, EV 85.0 MPH)
|
|
Batting: RHB Jerry Blas
|
0-0: Swinging Strike 0-1: Ball 1-1: Ball 2-1: Fly out, F8 (Line Drive, 8LM, EV 89.4 MPH)
|
| Bottom of the 4th over - 0 runs, 1 hit, 0 errors, 1 left on base; Boise 15 - Eugene 7 |
| TOP OF THE 5TH |
|
Boise Hawks batting - Pitching for Eugene Emeralds : LHP Eddie Panagos
|
|
Batting: SHB Morgan Batson
|
0-0: Ball 1-0: Ball 2-0: Called Strike 2-1: Called Strike 2-2: Strikes out swinging
|
|
Batting: RHB Josh Martin
|
0-0: Ball 1-0: Ball 2-0: Ball 3-0: Called Strike 3-1: Foul Ball, location: 2F 3-2: Base on Balls
|
|
Batting: RHB Yamashita Yagi
|
0-0: Ball 1-0: Fly out, F6 (Line Drive, 56D, EV 63.1 MPH)
|
|
Batting: SHB Jamie Locke
|
0-0: Called Strike 0-1: Fly out, F5 (Line Drive, 56, EV 63.8 MPH)
|
| Top of the 5th over - 0 runs, 0 hits, 0 errors, 1 left on base; Boise 15 - Eugene 7 |
| BOTTOM OF THE 5TH |
|
Eugene Emeralds batting - Pitching for Boise Hawks : RHP Jim Crooks
|
|
Batting: RHB Josh Asch
|
0-0: Foul Ball, location: 2F 0-1: Reached on error, E3 (Groundball, 34, EV 87.5 MPH)
|
|
Batting: RHB Hugo Torrez
|
0-0: Ball 1-0: Ball 2-0: Called Strike 2-1: Hit by Pitch Josh Asch to second
|
|
Batting: RHB Alvaro Romero
|
0-0: 3-RUN HOME RUN (Flyball, 9D, EV 97.5 MPH), Distance : 384 ft
|
|
Batting: RHB Roy Battist
|
0-0: Called Strike 0-1: Foul Ball, location: 2F 0-2: Ball 1-2: Strikes out looking
|
|
Batting: RHB Bill Holmes
|
0-0: Foul Ball, location: 2F 0-1: Fly out, F9 (Flyball, 89M, EV 86.9 MPH)
|
|
Batting: RHB Taylor Garofalo
|
0-0: Fly out, F8 (Flyball, 8LM, EV 85.6 MPH)
|
| Bottom of the 5th over - 3 runs, 1 hit, 1 error, 0 left on base; Boise 15 - Eugene 10 |
| TOP OF THE 6TH |
|
Boise Hawks batting - Pitching for Eugene Emeralds : LHP Eddie Panagos
|
|
Batting: RHB Haykuhi Kagramanian
|
0-0: Ball 1-0: Ball 2-0: Foul Ball, location: 2F 2-1: Ground out 1-3 (Groundball, 13S, EV 66.9 MPH)
|
|
Batting: LHB Eddie Gonzalez
|
0-0: Hit by Pitch
|
|
Batting: LHB Iehohs Inatho
|
0-0: Ball Eddie Gonzalez is caught stealing 2nd base 2-6 1-0: Foul Ball, location: 2F 1-1: Swinging Strike 1-2: Ball 2-2: Strikes out looking
|
| Top of the 6th over - 0 runs, 0 hits, 0 errors, 0 left on base; Boise 15 - Eugene 10 |
| BOTTOM OF THE 6TH |
|
Eugene Emeralds batting - Pitching for Boise Hawks : RHP Jim Crooks
|
|
Batting: RHB Ryan Bush
|
0-0: Foul Ball, location: 2F 0-1: Swinging Strike 0-2: Fly out, F7 (Flyball, 7, EV 84.4 MPH)
|
|
Pitching: LHP Kyle Mearkle
|
|
|
Batting: RHB Tim Long
|
0-0: Ball 1-0: Called Strike 1-1: Foul Ball, location: 2F 1-2: Foul Ball, location: 2F 1-2: Foul Ball, location: 2F 1-2: Strikes out swinging
|
|
Batting: RHB Jerry Blas
|
0-0: Called Strike 0-1: Ball 1-1: Foul Ball, location: 2F 1-2: Strikes out looking
|
| Bottom of the 6th over - 0 runs, 0 hits, 0 errors, 0 left on base; Boise 15 - Eugene 10 |
| TOP OF THE 7TH |
|
Boise Hawks batting - Pitching for Eugene Emeralds : LHP Eddie Panagos
|
|
Batting: LHB Jeremy Brammer
|
0-0: Ball 1-0: Ball 2-0: Called Strike 2-1: Ball 3-1: Base on Balls
|
|
Batting: RHB Tyler Stebbins
|
0-0: Called Strike 0-1: Ball 1-1: Called Strike 1-2: Ball 2-2: Ball 3-2: Foul Ball, location: 2F 3-2: Base on Balls Jeremy Brammer to second
|
|
Pitching: RHP Juan Bonilla
|
|
|
Batting: SHB Morgan Batson
|
0-0: Foul Ball, location: 2F 0-1: Ball 1-1: Ball Balk! Jeremy Brammer to third Tyler Stebbins to second 2-1: Ball 3-1: Swinging Strike 3-2: Foul Ball, location: 2F 3-2: Base on Balls
|
|
Batting: RHB Josh Martin
|
0-0: Called Strike 0-1: Swinging Strike 0-2: Ball 1-2: GRAND SLAM HOME RUN (Flyball, 7D, EV 96.2 MPH), Distance : 363 ft
|
|
Batting: RHB Yamashita Yagi
|
0-0: Ball 1-0: Called Strike 1-1: Ground out 6-3 (Groundball, 6, EV 104.4 MPH)
|
|
Batting: SHB Jamie Locke
|
0-0: Fly out, F5 (Popup, 56, EV 58.1 MPH)
|
|
Batting: RHB Haykuhi Kagramanian
|
0-0: Ball 1-0: Ball 2-0: Ball 3-0: Base on Balls
|
|
Batting: LHB Eddie Gonzalez
|
0-0: Ball 1-0: Fly out, F8 (Flyball, 8RS, EV 87.5 MPH)
|
| Top of the 7th over - 4 runs, 1 hit, 0 errors, 1 left on base; Boise 19 - Eugene 10 |
| BOTTOM OF THE 7TH |
|
Eugene Emeralds batting - Pitching for Boise Hawks : LHP Kyle Mearkle
|
|
Batting: RHB Josh Asch
|
0-0: Ball 1-0: Ball 2-0: Ball 3-0: Called Strike 3-1: Foul Ball, location: 2F 3-2: Fly out, F3 (Popup, 23F, EV 72.5 MPH)
|
|
Batting: RHB Hugo Torrez
|
0-0: Ball 1-0: Ball 2-0: Called Strike 2-1: Foul Ball, location: 2F 2-2: SINGLE (Groundball, 6D, EV 109.4 MPH)
|
|
Batting: RHB Alvaro Romero
|
0-0: Called Strike 0-1: Called Strike 0-2: Ball 1-2: Strikes out swinging
|
|
Batting: RHB Roy Battist
|
0-0: Ball Hugo Torrez steals 2nd base (no throw) 1-0: Called Strike 1-1: Ball 2-1: Ball 3-1: Called Strike 3-2: Strikes out swinging
|
| Bottom of the 7th over - 0 runs, 1 hit, 0 errors, 1 left on base; Boise 19 - Eugene 10 |
| TOP OF THE 8TH |
|
Boise Hawks batting - Pitching for Eugene Emeralds : RHP Juan Bonilla
|
|
Batting: LHB Iehohs Inatho
|
0-0: Called Strike 0-1: Ball 1-1: Swinging Strike 1-2: Strikes out swinging
|
|
Pinch Hitting: RHB Brent Moody
|
0-0: Ball 1-0: Ball 2-0: Ball 3-0: Base on Balls
|
|
Pinch Hitting: LHB Brian Levensailor
|
0-0: Fly out, F9 (Flyball, 9D, EV 84.4 MPH)
|
|
Batting: SHB Morgan Batson
|
0-0: Ball Wild Pitch! Brent Moody to second Balk! Brent Moody to third 1-0: Ball 2-0: Ball 3-0: Base on Balls
|
|
Batting: RHB Josh Martin
|
0-0: Called Strike Balk! Brent Moody scores Morgan Batson to second Balk! Morgan Batson to third 0-1: Swinging Strike 0-2: Ball 1-2: Foul Ball, location: 2F 1-2: Foul Ball, location: 2F 1-2: Ball 2-2: Ground out 4-3 (Groundball, 4, EV 101.9 MPH)
|
| Top of the 8th over - 1 run, 0 hits, 0 errors, 1 left on base; Boise 20 - Eugene 10 |
| BOTTOM OF THE 8TH |
|
Eugene Emeralds batting - Pitching for Boise Hawks : LHP Kyle Mearkle
|
|
Now at 1B: Brian Levensailor
|
|
|
Now in RF: Brent Moody
|
|
|
Batting: RHB Bill Holmes
|
0-0: Ball 1-0: Foul Ball, location: 2F 1-1: Ground out 1-3 (Groundball, 15S, EV 74.4 MPH)
|
|
Batting: RHB Taylor Garofalo
|
0-0: Swinging Strike 0-1: Swinging Strike 0-2: Strikes out swinging
|
|
Batting: RHB Ryan Bush
|
0-0: Called Strike 0-1: Ball 1-1: Called Strike 1-2: Ball 2-2: Strikes out swinging
|
| Bottom of the 8th over - 0 runs, 0 hits, 0 errors, 0 left on base; Boise 20 - Eugene 10 |
| TOP OF THE 9TH |
|
Boise Hawks batting - Pitching for Eugene Emeralds : RHP Juan Bonilla
|
|
Pitching: RHP Josh Burns
|
|
|
Batting: RHB Yamashita Yagi
|
0-0: Ground out 6-3 (Groundball, 6MS, EV 91.2 MPH)
|
|
Batting: SHB Jamie Locke
|
0-0: Ball 1-0: TRIPLE (Line Drive, 9D, EV 111.2 MPH)
|
|
Batting: RHB Haykuhi Kagramanian
|
0-0: Called Strike 0-1: Foul Ball, location: 2F 0-2: Ball Wild Pitch! Jamie Locke scores 1-2: Reached on error, E5 (Groundball, 56, EV 108.8 MPH)
|
|
Batting: LHB Eddie Gonzalez
|
0-0: Ball 1-0: Foul Ball, location: 2F 1-1: Swinging Strike 1-2: Fielders Choice at 2nd, 6-4 (Groundball, 6, EV 100.0 MPH)
|
|
Batting: LHB Iehohs Inatho
|
0-0: Fly out, F9 (Flyball, 89S, EV 91.9 MPH)
|
| Top of the 9th over - 1 run, 1 hit, 1 error, 1 left on base; Boise 21 - Eugene 10 |
| BOTTOM OF THE 9TH |
|
Eugene Emeralds batting - Pitching for Boise Hawks : LHP Kyle Mearkle
|
|
Pitching: LHP Rich Byrd
|
|
|
Batting: RHB Tim Long
|
0-0: Ball 1-0: Fly out, F8 (Line Drive, 8LM, EV 90.0 MPH)
|
|
Batting: RHB Jonathan Ridgely
|
0-0: Called Strike 0-1: Called Strike 0-2: Ball 1-2: Ball 2-2: Ground out 4-3 (Groundball, 34D, EV 100.6 MPH)
|
|
Batting: RHB Josh Asch
|
0-0: Ball 1-0: Ball 2-0: Ground out 1-3 (Groundball, 15S, EV 75.0 MPH)
|
| Bottom of the 9th over - 0 runs, 0 hits, 0 errors, 0 left on base; Boise 21 - Eugene 10 |
|